 Dungeon Crawl Stone Soup version 0.24.0-41-g2ae2f7f1be (webtiles) character file.

Game seed: 1197993647421757900, levelgen mode: deterministic

42 Descartes the Ducker (level 3, -4/17 HPs)
             Began as a Felid Monk on Dec 15, 2019.
             Killed by nerve-wracking pain
             ... invoked by an orc priest
              (13 damage)
             ... on level 3 of the Dungeon.
             The game lasted 00:03:35 (2913 turns).

Descartes the Ducker (Felid Monk)                   Turns: 2913, Time: 00:03:36

Health: -4/17      AC:  1    Str:  8    XL:     3   Next: 33%
Magic:  4/4        EV: 20    Int: 11    God:
Gold:   74         SH:  0    Dex: 18    Spells: 2/2 levels left
                                        Lives:  0   Deaths: 1

rFire    . . .     SeeInvis +     - Unarmed
rCold    . . .     Gourm    .   (shield unavailable)
rNeg     . . .     Faith    .   (armour unavailable)
rPois    .         Spirit   .   (helmet unavailable)
rElec    .         Reflect  .   (cloak unavailable)
rCorr    .         Harm     .   (gloves unavailable)
MR       .....                  (boots unavailable)
Stlth    +++.......             (no amulet)
HPRegen  0.05/turn              (no ring)
MPRegen  0.09/turn              (no ring)

@: quick
A: very small, no armour, no weapons or thrown items, stealth, claws 1, fangs 3,
see invisible, carnivore, speed 1, shaggy fur 1, slow metabolism 1, sharp paws
a: no special abilities


You were on level 3 of the Dungeon.
You were not hungry.

You visited 1 branch of the dungeon, and saw 3 of its levels.

You collected 74 gold pieces.

Inventory:

Missiles
 e - 46 arrows
 m - 8 stones
Jewellery
 b - an uncursed amulet of faith {unknown}
Scrolls
 c - 2 scrolls of enchant armour {unknown}
 d - a scroll of identify {unknown}
 h - 4 scrolls of enchant weapon {unknown}
 j - a scroll of amnesia {unknown}
 k - a scroll of magic mapping {unknown}
 l - a scroll of fear {unknown}
 o - a scroll of random uselessness {unknown}
Potions
 g - a potion of agility {unknown}
 i - a potion of ambrosia {unknown}
 n - 2 potions of curing {unknown}
Comestibles
 a - 4 rations


   Skills:
 + Level 3.4 Fighting
 + Level 4.5 Dodging
 * Level 4.3 Stealth
 * Level 3.9 Unarmed Combat


You had 2 spell levels left.
You didn't know any spells.
Your spell library was empty.

Dungeon Overview and Level Annotations

Branches:
Dungeon (3/15)

Altars:


Innate Abilities, Weirdness & Mutations

You cannot wear armour.
You are incapable of wielding weapons or throwing items.
Your paws allow you to move quietly. (Stealth)
You have sharp claws.
You have razor-sharp teeth.
You have supernaturally acute eyesight. (SInv)
You are carnivorous and can eat meat at any time.
You cover ground quickly.
You are covered in fur. (AC +1)
You have a slow metabolism.
Your sharp claws are effective at attacking unaware monsters.


Message History

You closely miss the orc priest.
The orc priest is moderately wounded.
The orc priest closely misses you.
You scratch the orc priest.
The orc priest is severely wounded.
The orc barely misses you.
The orc priest looks encouraged for a moment.
You closely miss the orc priest.
The orc priest is severely wounded.
The orc priest misses you. The orc misses you.
You barely miss the orc priest. Your bite misses the orc priest.
The orc priest is severely wounded.
The orc priest barely misses you.
The orc hits you from afar with a +4 trident.
You closely miss the orc priest.
The orc priest is severely wounded.
The orc priest invokes the aid of Beogh against you.
Pain shoots through your body!
Ouch! That really hurt!
You die...

#.......## #.....##.#
####.....# #..#####.#
#. #....รท#
#..#####.# #. #...)<#
#........# ###.####
#.....# #....#####
#......# #.....#
####.#
#......#####.### #.#
#.#........########.#
#....#.......@o.....#
#....#.#######<######
#......#.# #o#
#.........# #o#
%.#.......# #o## #
#.......# #..#
#.......# #..#
......oo#######..#
..#.####.oo....o.##


You could see an orc priest, an orc wizard and 2 orcs.

Vanquished Creatures
  5 oozes
  2 worms (D:1)
  2 dart slugs (D:2)
  2 leopard geckos
  An orc (D:3)
  A bat (D:1)
  4 giant cockroaches (D:1)
  6 goblins
  7 hobgoblins
  3 jackals
  A quokka (D:2)
  3 frilled lizards
  6 kobolds
  12 rats
55 creatures vanquished.

Notes
Turn   | Place    | Note
-------+----------+-------------------------------------------
     0 | D:1      | Descartes the Felid Monk began the quest for the Orb.
     0 | D:1      | Reached XP level 1. HP: 10/10 MP: 2/2
     1 | D:1      | Found a runed translucent door.
    55 | D:1      | Reached XP level 2. HP: 13/14 MP: 3/3
   304 | D:1      | You fall into a shaft and drop 1 floor!
  1124 | D:2      | Reached XP level 3. HP: 17/17 MP: 4/4
  2256 | D:1      | Reached XP level 4. HP: 18/21 MP: 5/5
  2895 | D:3      | Killed from afar by an orc priest
  2896 | D:3      | Reached XP level 3. HP: -8/17 MP: 4/4
  2913 | D:3      | Killed from afar by an orc priest

Levels and vault maps discovered:
D:1:      dpeg_arrival_caged_fury, layout_basic, dk_noncrumbling_4
D:2:      layout_rooms, minivault_5, kennysheep_generic_room_9
D:3:      layout_loops_cross, nicolae_overflow_crystal_walls,
          chequers_ecumenical_altar_twisty, uniq_grinder

Skill      XL: |  1  2  3 |
---------------+----------+-----
Stealth        | 3 4 |  4.3
Fighting       | |  3.4
Dodging        | |  4.5
Unarmed Combat | |  3.9

Action                   |  1- 3 |  4- 6 || total
-------------------------+-------+-------++-------
Melee: Unarmed           |   145 |    19 ||   164
       Bite              |    15 |     2 ||    17
       Punch             |     4 |       ||     4
 Stab: Sleeping          |     8 |     4 ||    12
       Distracted        |     1 |       ||     1
  Eat: Chunk             |    11 |     1 ||    12
Dodge: Dodged            |   102 |    25 ||   127
